 Dungeon Crawl Stone Soup version 0.24-a0-459-g225fefd530 (webtiles) character file.

Game seed: 8353116994319474834

254 Murumi the Skirmisher (level 6, 0/78 HPs)
             Began as a Formicid Fighter on June 30, 2019.
             Slain by a two-headed ogre
             ... wielding a +0 giant club
              (12 damage)
             ... on level 4 of the Dungeon.
             The game lasted 00:07:24 (2772 turns).

Murumi the Skirmisher (Formicid Fighter)            Turns: 2772, Time: 00:07:24

Health: 0/78       AC: 23    Str: 22    XL:     6   Next: 38%
Magic:  6/6        EV:  2    Int: 11    God:
Gold:   137        SH:  9    Dex: 10    Spells: 5/5 levels left

rFire    . . .     SeeInvis .   k - +1 scimitar
rCold    . . .     Gourm    .   c - +0 shield
rNeg     + + +     Faith    .   (armour currently unavailable)
rPois    +         Spirit   .   (helmet unavailable)
rElec    .         Reflect  .   (cloak currently unavailable)
rCorr    .         Harm     .   (gloves currently unavailable)
MR       .....                  (boots currently unavailable)
Stlth    +.........             (no amulet)
HPRegen  0.23/turn              h - +3 ring of intelligence
MPRegen  0.10/turn              (no ring)

@: tree-form
A: permanent stasis, dig shafts and tunnels, four strong arms
a: no special abilities


You were on level 4 of the Dungeon.
You were not hungry.
You were a tree.
You visited 1 branch of the dungeon, and saw 4 of its levels.

You collected 137 gold pieces.

Inventory:

Hand Weapons
 a - a +0 long sword
 k - a +1 scimitar (weapon)
Missiles
 d - 2 boomerangs
 i - 15 poisoned darts (quivered)
 j - 12 stones
Armour
 b - a +0 scale mail
 c - a +0 shield (worn)
 l - a +0 chain mail (melded)
Jewellery
 h - a +3 ring of intelligence (left branch)
Scrolls
 o - a scroll of identify
Potions
 e - 2 potions of heal wounds
 m - a potion of flight
 n - 2 potions of resistance
Comestibles
 f - 8 rations
 p - a chunk of flesh


   Skills:
 + Level 5.9 Fighting
 - Level 3.1 Long Blades
 - Level 3.2 Armour
 - Level 2.0 Dodging
 - Level 4.1 Shields


You had 5 spell levels left.
You didn't know any spells.
Your spell library was empty.

Dungeon Overview and Level Annotations

Branches:
Dungeon (4/15)
 Temple: D:4-7

Altars:
Nemelex Xobeh

Annotations:
D:4 1 transporter, thefreepie's ghost, amateur TrMo


Innate Abilities, Weirdness & Mutations

You cannot be hasted, slowed, berserked, paralysed or teleported.
You can dig through walls and to a lower floor.
Your four strong arms can wield two-handed weapons with a shield.
((You have a pair of large antennae on your head. (SInv)))


Message History

The two-headed ogre hits you with a +0 giant club.
The two-headed ogre hits you with a +0 giant spiked club!
You slash the two-headed ogre!
The two-headed ogre is severely wounded.
The two-headed ogre hits you with a +0 giant club!
You block the two-headed ogre's attack.
You hit the two-headed ogre.
The two-headed ogre is severely wounded.
The two-headed ogre hits you with a +0 giant club.
* * * LOW HITPOINT WARNING * * *
You block the two-headed ogre's attack.
Your shield prevents you from hitting the two-headed ogre.
The two-headed ogre is severely wounded.
The two-headed ogre hits you but does no damage.
The two-headed ogre hits you with a +0 giant spiked club!
* * * LOW HITPOINT WARNING * * *
You barely miss the two-headed ogre.
The two-headed ogre is severely wounded.
The two-headed ogre hits you with a +0 giant club!
You die...

#. .. .# ##. #. #(# ##..
.# #(# # ######... . #.
#(#.# #........ #..
#.##(#.# #.####...
....#5#..#.# #.####...
#©.=W#O...#####.##.....
#.5#♣............#...
#.....##.#######.#####..
..#.# #.# ###........ #
#.#####..........
##...†...#######.#
#...†##### #.# #...##.#
#.# ....## #.# ##.# ####
#.# #...


You could see a two-headed ogre, 2 quasits and thefreepie's ghost.

Vanquished Creatures
  An orc warrior (D:2)
  An orc priest (D:2)
  An orc wizard (D:2)
  Jessica (D:2)
  3 adders (D:2)
  An ooze (D:3)
  A worm (D:2)
  2 orcs
  2 giant cockroaches
  4 goblins
  5 hobgoblins
  5 jackals
  A ball python (D:2)
  3 bats
  4 frilled lizards
  5 kobolds
  2 rats (D:2)
42 creatures vanquished.

Notes
Turn   | Place    | Note
-------+----------+-------------------------------------------
     0 | D:1      | Murumi the Formicid Fighter began the quest for the Orb.
     0 | D:1      | Reached XP level 1. HP: 18/18 MP: 1/1
   223 | D:1      | Reached skill level 1 in Dodging
   310 | D:1      | Reached XP level 2. HP: 24/24 MP: 2/2
   853 | D:2      | Reached XP level 3. HP: 27/29 MP: 3/3
  1029 | D:2      | Noticed Jessica
  1054 | D:2      | Killed Jessica
  1054 | D:2      | Reached XP level 4. HP: 13/35 MP: 4/4
  1472 | D:2      | Noticed an orc warrior
  1489 | D:2      | Killed an orc warrior
  1489 | D:2      | Reached skill level 5 in Fighting
  1489 | D:2      | Reached XP level 5. HP: 14/44 MP: 5/5
  1490 | D:2      | Reached XP level 6. HP: 16/51 MP: 6/6
  2385 | D:3      | Found a sparkling altar of Nemelex Xobeh.
  2753 | D:4      | Found a transporter.
  2756 | D:4      | Noticed thefreepie's ghost (amateur TrMo)
  2757 | D:4      | Noticed a two-headed ogre
  2772 | D:4      | Slain by a two-headed ogre

Levels and vault maps discovered:
D:1:      nicolae_arrival_washed_ashore, layout_rooms
D:2:      layout_loops_cross, first_ration, fountainhead, uniq_jessica
D:3:      layout_loops_cross, marbit_many_paths
D:4:      layout_loops_ring, gammafunk_ghost_stat_death

Skill      XL: |  1  2  3  4 |
---------------+-------------+-----
Dodging        | 1 2 |  2.0
Shields        | 4 |  4.1
Long Blades    | 3 |  3.1
Fighting       | 5 |  5.9
Armour         | |  3.2

Action                   |  1- 3 |  4- 6 || total
-------------------------+-------+-------++-------
Melee: Long sword        |    76 |    21 ||    97
       Scimitar          |       |    38 ||    38
Throw: Stone             |    15 |     4 ||    19
       Boomerang         |       |    19 ||    19
       Dart              |       |     4 ||     4
 Abil: Dig               |     1 |     1 ||     2
  Use: Scroll            |     4 |     6 ||    10
       Potion            |       |     2 ||     2
  Eat: Ration            |       |     1 ||     1
       Chunk             |       |     3 ||     3
Armor: Scale mail        |    32 |     2 ||    34
       Chain mail        |       |    10 ||    10
       Skin              |       |     4 ||     4
Dodge: Dodged            |    29 |    10 ||    39
Block: Shield            |    44 |    24 ||    68
       Rpst.: Long sword |     7 |     2 ||     9
       Scimitar          |       |     1 ||     1

Table legend:
 A = Non-vault XP
 B = Vault XP
 C = Vault XP percentage of total XP
 D = Non-vault monster count
 E = Vault monster count
 F = Vault count percentage of total count
                 A         B        C        D         E       F
            +---------+---------+-------+---------+---------+-------
      Total |     324 |      40 |  11.0 |      40 |       2 |   4.8
            +---------+---------+-------+---------+---------+-------
        D:1 |      14 |       0 |   0.0 |       9 |       0 |   0.0
        D:2 |     282 |      37 |  11.6 |      18 |       1 |   5.3
        D:3 |      20 |       3 |  13.0 |       9 |       1 |  10.0
        D:4 |       8 |       0 |   0.0 |       4 |       0 |   0.0
            +---------+---------+-------+---------+---------+-------
